Unix NetHack Version 5.0.0-0 post-release - last build May 31 2026 23:59:36 (970b52f25bf058293b47ddfd14a1e40e571c508c,branch:main).

Game began 2026-06-07 15:40:05, ended 2026-06-07 15:52:01.

IanCurtis, chaotic male elven Wizard

                                                          -----
                                                          ...>|
                                                          |!^.%#   -------
                                                          -----#   |.....|
                                                               #   |.$...|
                                                         #     #   |.....|
                                           ######"#######`#########......|
                                      F@M###             %     #   |.....|
                                                         #     #   ----- -
                                                               #
                                                               #
                                                              ##
                                                            ######
                                                           ##---.--.---
                                                            #|........|
                                                            #-........|
                                                             |........|
                                                             |........|
                                                             ----------

IanCurtis the Conjurer    St:11 Dx:12 Co:16 In:19 Wi:8 Ch:11  Chaotic
Dlvl:7  $:84 HP:0(35) Pw:11(44) AC:9  Xp:4 T:1465 

Latest messages:
 Never mind.
 Something is written here in the dust.
 You read: "Elbereth".
 You see no objects here.
 You feel tough!
 You must have been leading a healthy life-style.
 Something is written here in the dust.
 You read: "Elbereth".
 You see no objects here.
 Something is written here in the dust.
 You read: "Elbereth".
 You see no objects here.
 Something is written here in the dust.
 You read: "Elbcreth".
 You see no objects here.
 What do you want to write with? [- ac-enw or ?*] -
 Do you want to add to the current engraving? [ynq] (y) n
 You wipe out the message that was written in the dust here.
 You write in the dust with your fingertip.
 What do you want to write in the dust here? Elbereth
 Something is written here in the dust.
 You read: "jlbereth".
 You see no objects here.
 What do you want to write with? [- ac-enw or ?*] -
 Do you want to add to the current engraving? [ynq] (y) n
 You wipe out the message that was written in the dust here.
 You write in the dust with your fingertip.
 What do you want to write in the dust here? Elbereth
 Something is written here in the dust.
 You read: "Elbereth".
 You see no objects here.
 You stop searching.
 Something is written here in the dust.
 You read: "El|cre h".
 You see no objects here.
 What do you want to write with? [- ac-enw or ?*] -
 Do you want to add to the current engraving? [ynq] (y) n
 You wipe out the message that was written in the dust here.
 You write in the dust with your fingertip.
 What do you want to write in the dust here? Elbereth
 Flandre hits!
 Flandre hits again!
 What do you want to write with? [- ac-enw or ?*] -
 Do you want to add to the current engraving? [ynq] (y) n
 You wipe out the message that was written in the dust here.
 You write in the dust with your fingertip.
 What do you want to write in the dust here? Elbereth
 Flandre hits!
 You die...
 Do you want your possessions identified? [ynq] (y) q

Inventory:
 Coins    ('$')
  $ - 84 gold pieces
 Weapons  (')')
  a - a blessed +1 quarterstaff (weapon in hands)
 Armor    ('[')
  b - an uncursed +0 cloak of magic resistance (being worn)
 Comestibles  ('%')
  t - an uncursed carrot
  A - an uncursed cream pie
  I - an uncursed food ration
 Scrolls  ('?')
  k - 2 uncursed scrolls of destroy armor
  v - a blessed scroll of identify
  j - an uncursed scroll of identify
  F - a blessed scroll of magic mapping
  i - an uncursed scroll of remove curse
 Spellbooks  ('+')
  m - an uncursed spellbook of detect unseen
  l - a blessed spellbook of force bolt
 Potions  ('!')
  G - an uncursed potion of extra healing
  H - a cursed potion of gain ability
  p - an uncursed potion of gain energy
  q - a blessed potion of hallucination
  g - an uncursed potion of levitation
  h - an uncursed potion of oil
  f - 2 uncursed potions of sickness
  E - a potion of holy water
 Rings    ('=')
  e - an uncursed ring of cold resistance
  d - an uncursed ring of free action
 Wands    ('/')
  w - a wand of cancellation (0:6)
  c - a wand of create monster (0:11)
 Tools    ('(')
  s - a blessed magic lamp
  n - a magic marker (0:21)
  z - an uncursed magic whistle

IanCurtis the Wizard's attributes:

Background:
 You were a Conjurer, a level 4 male elven Wizard.
 You were chaotic, on a mission for Anhur
 who was opposed by Ptah (lawful) and Thoth (neutral).
 You were right-handed.
 You were in the Dungeons of Doom, on level 7.
 You entered the dungeon 1465 turns ago.
 You had 142 experience points, 18 more were needed to attain level 5.

Basics:
 You had 0 out of 35 hit points.
 You had 11 out of 44 energy points (spell power).
 Your armor class was 9.
 Your wallet contained 84 zorkmids.
 Autopickup was off.

Final Characteristics:
 Your strength was 11 (limit:18).
 Your dexterity was 12 (limit:18).
 Your constitution was 16 (limit:16).
 Your intelligence was 19 (limit:20).
 Your wisdom was 8 (limit:20).
 Your charisma was 11 (limit:18).

Final Status:
 You weren't hungry.
 You were unencumbered.
 You were wielding a quarterstaff.
 You had basic skill with quarterstaff.

Final Attributes:
 You were devoutly aligned.
 You were magic-protected.
 You were sleep resistant.
 You had infravision.
 You were warded.
 You are dead.

Miscellaneous:
 You encountered 1 bones level.
 Total elapsed playing time was 11 minutes and 56 seconds.

Major events:
 Turn
    1: IanCurtis the chaotic male elven Wizard entered the dungeon
 1126: attained the rank of Conjurer (level 3)
 1465: killed by a human mummy of flandre

Spells:
 Name                 Level Category     Fail Retention
 force bolt             1   attack         0%  91%-100%
 detect unseen          3   divination    72%  76%-100%

Skills:
 Fighting Skills
   bare handed combat [Unskilled]
   riding             [Unskilled]
 Weapon Skills
   dagger             [Unskilled]
   knife              [Unskilled]
   axe                [Unskilled]
   short sword        [Unskilled]
   club               [Unskilled]
   mace               [Unskilled]
   quarterstaff       [Basic]
   polearms           [Unskilled]
   spear              [Unskilled]
   trident            [Unskilled]
   sling              [Unskilled]
   dart               [Unskilled]
   shuriken           [Unskilled]
 Spellcasting Skills
   attack spells      [Basic]
   healing spells     [Unskilled]
   divination spells  [Unskilled]
   enchantment spells [Basic]
   clerical spells    [Unskilled]
   escape spells      [Unskilled]
   matter spells      [Unskilled]

Voluntary challenges:
 Character rerolling was not enabled.
 You never genocided any monsters.
 You never polymorphed an object.
 You never changed form.
 You used no wishes.
Achievements:
 You entered a shop.
 You attained the rank of Conjurer.

 The Dungeons of Doom: levels 1 to 8
    Level 1:
       A fountain, a sink.
    Level 2:
       An armor shop, a fountain.
    Level 3:
    Level 4:
       An altar, a fountain.
    Level 7: <- You were here.
       Final resting place for
          you, killed by a human mummy of flandre,
          flandre-Sam-Hum-Fem-Cha, killed by a dwarf mummy.
    Level 8:


Vanquished creatures:
  a giant spider
  a dwarf mummy
  a straw golem
  a kobold leader
 an iguana
  2 cave spiders
  a red mold
  a gecko
  7 jackals
  2 foxes
  a kobold
  2 sewer rats
  2 grid bugs
  a bat
  3 kobold zombies
  5 newts
32 creatures vanquished.

No species were genocided or became extinct.

Game over:
                       ----------
                      /          \
                     /    REST    \
                    /      IN      \
                   /     PEACE      \
                  /                  \
                  |    IanCurtis     |
                  |      84 Au       |
                  |   killed by a    |
                  |  human mummy of  |
                  |     flandre      |
                  |                  |
                  |       2026       |
                 *|     *  *  *      | *
        _________)/\\_//(\/(/\)/\//\/|_)_______

Goodbye IanCurtis the Wizard...

You died in The Dungeons of Doom on dungeon level 7 with 1004 points,
and 84 pieces of gold, after 1465 moves.
You were level 4 with a maximum of 35 hit points when you died.

